 Dungeon Crawl Stone Soup version 0.24-a0-250-g6074511 (webtiles) character file.

Game seed: 7375161057488148571

276996 Inarius the Executioner (level 19, -6/167 HPs)
             Began as a Demigod Fighter on Apr 14, 2019.
             Killed from afar by a wizard (35 damage)
             ... with an orb of energy
             ... on level 3 of the Vaults on Apr 15, 2019.
             The game lasted 02:21:18 (52298 turns).

Inarius the Executioner (Demigod Fighter)          Turns: 52298, Time: 02:21:19

Health: -6/167     AC: 29    Str: 36    XL:     19   Next: 21%
Magic:  10/10      EV:  9    Int: 12    God:
Gold:   3227       SH: 15    Dex: 15    Spells: 18/18 levels left

rFire    . . .     SeeInvis .   c - +5 demon whip "Spellbinder" {antimagic, MR+}
rCold    + . .     Gourm    .   s - +0 shield {reflect}
rNeg     + . .     Faith    .   M - +2 plate armour {rC+}
rPois    +         Spirit   .   F - +2 hat {MR+}
rElec    .         Reflect  +   G - +2 cloak
rCorr    .         Harm     .   w - +0 pair of gloves
MR       +++..                  C - +2 pair of boots {run}
Stlth    ..........             Q - amulet of regeneration
HPRegen  0.77/turn              i - ring of poison resistance
MPRegen  0.12/turn              H - ring of positive energy

@: mighty, about to teleport, hasted, very quick
A: high mp 1
}: 1/15 runes: barnacled
a: no special abilities


You were on level 3 of the Vaults.
You were not hungry.

You visited 6 branches of the dungeon, and saw 33 of its levels.
You also visited: Ice Cave.

You collected 4036 gold pieces.
You spent 809 gold pieces at shops.

Inventory:

Hand Weapons
 a - a +3 broad axe
 c - the +5 demon whip "Spellbinder" (weapon) {antimagic, MR+}
   (You took it off an ironbrand convoker on level 2 of the Vaults)

   It reduces the magical energy of the wielder, and disrupts the spells and
   magical abilities of those hit.
   Natural abilities and divine invocations are not affected.
   It affects your resistance to hostile enchantments.
 R - a +5 broad axe of freezing
Missiles
 n - 6 javelins of returning (quivered)
Armour
 b - a +0 large shield
 s - a +0 shield of reflection (worn)
 w - a +0 pair of gloves (worn)
 C - a +2 pair of boots of running (worn)
 F - a +2 hat of magic resistance (worn)
 G - a +2 cloak (worn)
 M - a +2 plate armour of cold resistance (worn)
 P - a +4 plate armour
 V - a +1 chain mail of fire resistance
Jewellery
 i - a ring of poison resistance (left hand)
 q - an uncursed ring of ice
 H - a ring of positive energy (right hand)
 Q - an amulet of regeneration (around neck)
Wands
 t - a wand of scattershot (5)
 y - a wand of digging (9)
 K - a wand of iceblast (27)
 L - a wand of enslavement (5)
 T - a wand of clouds (8)
 U - a wand of polymorph (7)
 Y - a wand of paralysis (11)
 Z - a wand of flame (3)
Scrolls
 h - 6 scrolls of fog
 k - 9 scrolls of teleportation
 m - 20 scrolls of remove curse
 p - 8 scrolls of immolation
 r - a scroll of silence
 x - 5 scrolls of enchant armour
 A - 15 scrolls of identify
 B - a scroll of magic mapping
 O - 5 scrolls of blinking
 W - 2 scrolls of holy word
Potions
 d - a potion of cancellation
 e - 4 potions of resistance
 g - 3 potions of lignification
 j - 4 potions of flight
 l - 3 potions of haste
 o - 5 potions of curing
 u - 5 potions of ambrosia
 v - 2 potions of magic
 E - a potion of heal wounds
 I - a potion of might
 J - 4 potions of invisibility
 N - 3 potions of agility
 X - 3 potions of mutation
Miscellaneous
 D - a phial of floods
 S - a phantom mirror
Comestibles
 f - 50 rations
 z - 15 chunks of flesh


   Skills:
 + Level 14.1 Fighting
 * Level 21.4(21.5) Axes
 + Level 0.7(14.6) Maces & Flails
 + Level 0.6 Throwing
 + Level 13.6 Armour
 - Level 1.7 Dodging
 - Level 13.1 Shields
 * Level 9.6 Evocations


You had 18 spell levels left.
You didn't know any spells.
Your spell library contained the following spells:

 Spells                   Type           Power        Failure   Level  Hunger
 Confusing Touch          Hex            #.....       88%         1    ##.....
 Corona                   Hex            #......      88%         1    ##.....
 Magic Dart               Conj           #...         88%         1    ##.....
 Sting                    Conj/Pois      #...         88%         1    ##.....
 Summon Small Mammal      Summ           #...         88%         1    ##.....
 Blink                    Tloc           N/A          96%         2    ###....
 Call Imp                 Summ           #.......     96%         2    ###....
 Poisonous Vapours        Pois/Air       #.....       96%         2    ###....
 Searing Ray              Conj           #.....       96%         2    ###....
 Slow                     Hex            #.......     96%         2    ###....
 Call Canine Familiar     Summ           #.......     99%         3    ####...
 Confuse                  Hex            #.......     99%         3    ####...
 Conjure Flame            Conj/Fire      #.......     99%         3    ####...
 Dazzling Spray           Conj/Hex       #.....       99%         3    ####...
 Gell's Gravitas          Tloc           #.........   99%         3    ####...
 Inner Flame              Hex/Fire       #.......     99%         3    ####...
 Mephitic Cloud           Conj/Pois/Air  #.......     99%         3    ####...
 Portal Projectile        Hex/Tloc       #.....       99%         3    ####...
 Summon Guardian Golem    Hex/Summ       #.......     99%         3    ####...
 Cause Fear               Hex            #.........   100%        4    #####..
 Force Lance              Conj/Tloc      #.......     100%        4    #####..
 Fulminant Prism          Conj/Hex       #.........   100%        4    #####..
 Iskenderun's Mystic Bla  Conj           #.......     100%        4    #####..
 Leda's Liquefaction      Hex/Erth       #.........   100%        4    #####..
 Olgreb's Toxic Radiance  Pois           #.......     100%        4    #####..
 Petrify                  Tmut/Erth      #.......     100%        4    #####..
 Summon Ice Beast         Ice/Summ       #.......     100%        4    #####..
 Summon Lightning Spire   Summ/Air       #.......     100%        4    #####..
 Irradiate                Conj/Tmut      #.........   100%        5    ######.
 Metabolic Englaciation   Hex/Ice        #.........   100%        5    ######.
 Venom Bolt               Conj/Pois      #.........   100%        5    ######.
 Yara's Violent Unravell  Hex/Tmut       #.........   100%        5    ######.
 Hydra Form               Tmut           #.........   100%        6    #######
 Statue Form              Tmut/Erth      #........    100%        6    #######
 Dragon Form              Tmut           #.........   100%        7    #######
 Haunt                    Necr/Summ      #.........   100%        7    #######
 Borgnjor's Revivificati  Necr           #.........   100%        8    #######
 Death's Door             Chrm/Necr      #.........   100%        8    #######
 Infestation              Necr           #.........   100%        8    #######
 Necromutation            Tmut/Necr      #.........   100%        8    #######


Dungeon Overview and Level Annotations

Branches:
Dungeon (15/15)            Temple (0/1) D:6            Lair (6/6) D:9
 Shoals (4/4) Lair:2       Spider (3/4) Lair:4        Slime (0/5) Lair:5
    Orc (2/2) D:10            Elf (0/3) Orc:2        Vaults (3/5) D:13
  Crypt (0/3) Vaults:2     Depths (0/5) D:15

Shops:
D:6 %   D:15 !   Orc:1 (%(*}   Orc:2 (%[?%   Vaults:2 !}

Annotations:
D:7 Harold
Lair:4 exclusion: oklob plant
Spider:1 1 runed translucent door, exclusion: Roxanne, Inarius's ghost, adept GrFi; Roxanne
Vaults:3 Mennas


Innate Abilities, Weirdness & Mutations

You have an increased reservoir of magic. (+10% MP)


Message History

Mennas falters for a moment.
Mennas blocks your reaper's attack.
Mennas gestures frantically.
You resist with almost no effort.
Your reaper resists with almost no effort.
You block the wizard's attack.
There is an open door here.
Really attack near your reaper? [Y]es or [N]o only, please.
Really attack near your reaper? [Y]es or [N]o only, please.
Really attack near your reaper? [Y]es or [N]o only, please.
Really attack near your reaper?
Okay, then.
Unknown command.
As you read the scroll of teleportation, it crumbles to dust.
You feel strangely unstable. Mennas blocks your reaper's attack.
The wizard casts a spell at you. The orb of energy hits you!!
You die...

#...#....).#
#...#......# ..
#...#......#...
...#...########...
....'..............
....#..............
....#..............
### #.....p......#
......###@#....#
...####...####.#
....#......2..# #
... #.....°○A.#
#..#####§.#
#.....A.§§# #
#........§#.####
####...####......
..
...#####.........


You could see Mennas, a wizard and a friendly reaper.

Vanquished Creatures
  Jorgrun (D:15)
  An ancient champion (Vaults:2)
  Gastronok (Lair:2)
  Donald (Lair:4)
  Agnes (D:15)
  A deep elf sorcerer (Vaults:3)
  3 frost giants
  Louise (D:15)
  2 emperor scorpions (Spider:3)
  An orc warlord (Orc:2)
  12 vault wardens
  9 ironheart preservers
  5 stone giants
  A ghoul (Vaults:2)
  6 very ugly things
  A vampire knight (Vaults:2)
  5 entropy weavers
  Azrael (D:12)
  4 ettins
  A blizzard demon (IceCv)
  2 spark wasps
  14 merfolk impalers
  3 merfolk javelineers (Shoals:4)
  A fire dragon (Vaults:1)
  2 great orbs of eyes
  7 yaktaur captains
  Fannar (D:11)
  10 vault guards
  An ice dragon (Vaults:2)
  2 hydras
  3 merfolk aquamancers
  3 alligator snapping turtles
  3 death knights
  2 merfolk avatars (Shoals:4)
  5 centaur warriors
  4 satyrs
  17 two-headed ogres
  A deep troll shaman (Vaults:3)
  A death yak (Lair:3)
  9 ogre magi
  2 orc high priests (Orc:2)
  A soul eater (Vaults:2)
  A deep elf knight (Vaults:2)
  2 shadow wraiths
  13 skeletal warriors
  5 unseen horrors
  2 deep trolls (Vaults:3)
  16 sea snakes
  4 wizards
  13 orc knights
  Pikel (D:7)
  3 ironbrand convokers
  29 harpies
  3 phantasmal warriors
  18 orb spiders
  A necromancer (D:13)
  A deep elf archer (Vaults:3)
  31 wolf spiders
  A faun (Shoals:2)
  5 orc sorcerers
  2 deep elf magi
  37 ugly things
  8 cyclopes
  12 manticores
  5 elephants (Lair:5)
  5 black mambas
  8 merfolk sirens
  6 water nymphs
  8 vault sentinels
  11 spiny frogs
  Joseph (D:7)
  3 centaur zombies
  2 ice statues (IceCv)
  3 gargoyles
  3 kobold demonologists
  15 demonic crawlers
  14 ice devils (IceCv)
  7 freezing wraiths
  A komodo dragon (shapeshifter) (Vaults:2)
  A rime drake (Lair:5)
  17 yaktaurs
  4 komodo dragons
  A harpy zombie (D:14)
  3 meliai (D:15)
  5 polar bears
  A jumping spider (shapeshifter) (Vaults:3)
  11 hornets
  25 jumping spiders
  5 wind drakes
  A wolf spider simulacrum (D:15)
  7 trolls
  11 blink frogs
  37 merfolk
  A slime creature (shapeshifter) (Vaults:2)
  7 hippogriffs
  35 slime creatures
  A dream sheep (Lair:6)
  5 snapping turtles
  Sigmund (D:2)
  29 tarantellas
  A redback (shapeshifter) (Vaults:2)
  13 spriggans (Lair:6)
  3 shadows
  4 fire elementals
  62 redbacks
  3 wraiths
  A fire bat (shapeshifter) (Vaults:2)
  24 yaks
  A golden eye (shapeshifter) (Vaults:2)
  4 water elementals
  A basilisk (Lair:2)
  3 hogs (D:9)
  10 vampire mosquitoes
  19 humans
  A warg (D:15)
  Menkaure (D:7)
  2 hungry ghosts
  An acid dragon (D:12)
  2 hell hounds (D:12)
  4 porcupines
  8 water moccasins
  39 orc warriors
  2 ice beasts
  A sky beast (D:9)
  6 black bears
  A hornet zombie (D:13)
  A necrophage (D:6)
  26 ogres
  40 wolves
  An eye of draining (D:15)
  9 boggarts
  17 centaurs
  2 phantoms
  15 crocodiles
  A big kobold (D:10)
  19 bullfrogs
  A wyvern zombie (D:9)
  A scorpion (D:9)
  A wyvern skeleton (D:10)
  10 killer bees
  3 vampire bats (D:3)
  10 wights
  8 howler monkeys
  An electric eel (Lair:2)
  2 crimson imps
  A bullfrog zombie (D:8)
  2 quasits (D:15)
  3 jellies
  19 orc priests
  7 hounds
  6 centaur skeletons
  4 bullfrog skeletons
  22 orc wizards
  4 iguanas
  4 worker ants
  A hound skeleton (D:4)
  9 gnolls
  A worker ant zombie (D:10)
  8 adders
  2 shadow imps
  6 white imps (IceCv)
  10 ufetubi
  An ooze (D:2)
  An adder skeleton (D:7)
  5 worms
  A dart slug (D:2)
  6 leopard geckos
  109 orcs
  3 ball pythons
  9 bats
  2 bat skeletons (D:3)
  2 bat zombies (D:3)
  4 giant cockroaches
  A goblin (shapeshifter) (D:15)
  6 goblins (D:1)
  9 hobgoblins
  3 jackals (D:3)
  3 quokkas
  14 frilled lizards
  14 kobolds
  5 rats
  A bush (Lair:6)
  8 fungi
  9 plants
1370 creatures vanquished.

Vanquished Creatures (collateral kills)
  2 orb spiders (Spider:2)
  A torpor snail (Spider:2)
  An orc warrior (Orc:2)
  An orc wizard (Orc:2)
  2 orcs (Orc:2)
7 creatures vanquished.

Vanquished Creatures (others)
  A merfolk javelineer (Shoals:3)
  A satyr (Shoals:4)
  A wolf spider (Spider:2)
  2 orb spiders (Spider:1)
  A demonic crawler (Spider:1)
  2 yaktaurs
  A redback (Spider:1)
  A slave (D:7)
  A centaur (Vaults:3)
  A white imp (IceCv)
  An ufetubus (IceCv)
  An orc (Vaults:1)
  11 fungi
  19 plants
44 creatures vanquished.

Grand Total: 1421 creatures vanquished

Notes
Turn   | Place    | Note
-------+----------+-------------------------------------------
     0 | D:1      | Inarius the Demigod Fighter began the quest for the Orb.
     0 | D:1      | Reached XP level 1. HP: 18/18 MP: 3/3
   171 | D:1      | You fall through a shaft!
   175 | D:2      | Reached skill level 2 in Axes
   213 | D:2      | Reached XP level 2. HP: 25/25 MP: 4/4
   587 | D:1      | Reached XP level 3. HP: 29/30 MP: 5/5
   801 | D:1      | Reached skill level 3 in Axes
  1409 | D:2      | Noticed Sigmund
  1414 | D:2      | Reached XP level 4. HP: 25/37 MP: 6/6
  1426 | D:2      | Killed Sigmund
  1426 | D:2      | Reached skill level 4 in Axes
  1426 | D:2      | Reached XP level 5. HP: 6/45 MP: 7/7
  2278 | D:3      | Found an ancient bone altar of Kikubaaqudgha.
  2295 | D:3      | Reached XP level 6. HP: 49/51 MP: 8/8
  2310 | D:3      | Reached skill level 5 in Axes
  2310 | D:3      | Reached skill level 1 in Dodging
  3897 | D:4      | Reached skill level 6 in Axes
  3897 | D:4      | Reached XP level 7. HP: 57/57 MP: 9/9
  4099 | D:4      | Found an iron altar of Okawaru.
  4361 | D:5      | Entered Level 5 of the Dungeon
  4690 | D:5      | Found a snail-covered altar of Cheibriados.
  4694 | D:5      | Found an opulent altar of Gozag.
  5275 | D:6      | Reached skill level 1 in Evocations
  5396 | D:6      | Found a basalt altar of Yredelemnul.
  5490 | D:6      | Reached skill level 7 in Axes
  5500 | D:6      | Reached XP level 8. HP: 64/66 MP: 11/11
  5649 | D:6      | Found Ojaoch's Food Shoppe.
  5751 | D:6      | Got a spiked ring mail
  5752 | D:6      | Identified the cursed +0 ring mail "Appalu" {Slay+2} (You
                  | found it on level 6 of the Dungeon)
  5902 | D:6      | Found a staircase to the Ecumenical Temple.
  6242 | D:7      | Reached skill level 8 in Axes
  6369 | D:7      | Noticed Joseph
  6383 | D:7      | Killed Joseph
  6413 | D:7      | Noticed Menkaure
  6421 | D:7      | Killed Menkaure
  6640 | D:7      | Noticed a phantasmal warrior
  6649 | D:7      | Noticed a phantasmal warrior
  6651 | D:7      | Noticed a death knight
  6655 | D:7      | Noticed a freezing wraith
  6835 | D:7      | Noticed Harold
  7128 | D:8      | Noticed Pikel
  7161 | D:7      | Killed Pikel
  7161 | D:7      | Reached skill level 9 in Axes
  7161 | D:7      | Reached XP level 9. HP: 56/72 MP: 14/14
  7234 | D:8      | Reached skill level 5 in Armour
  7256 | D:8      | Found a shadowy altar of Dithmenos.
  7458 | D:8      | Reached skill level 5 in Shields
  7921 | D:9      | Reached skill level 10 in Axes
  8221 | D:9      | Noticed a komodo dragon
  8233 | D:9      | Killed a komodo dragon
  8678 | D:9      | Reached XP level 10. HP: 73/80 MP: 14/16
  8898 | D:9      | Found a staircase to the Lair.
  8950 | D:9      | Found a stormy altar of Qazlal.
  9242 | D:10     | Entered Level 10 of the Dungeon
  9343 | D:10     | Reached skill level 11 in Axes
  9388 | D:10     | Reached skill level 5 in Fighting
 10714 | D:10     | Noticed an orc knight
 10744 | D:10     | Killed an orc knight
 11057 | D:10     | Found a roughly hewn altar of Beogh.
 11057 | D:10     | Found a staircase to the Orcish Mines.
 11953 | D:11     | Noticed Fannar
 12010 | D:11     | Killed Fannar
 12698 | Lair:1   | Entered Level 1 of the Lair of Beasts
 13228 | Lair:1   | Reached skill level 5 in Evocations
 13403 | Lair:1   | Reached XP level 11. HP: 84/88 MP: 18/18
 13424 | Lair:1   | Noticed a six-headed hydra
 14079 | Lair:1   | Reached skill level 12 in Axes
 14924 | Lair:2   | Noticed Gastronok
 16103 | Lair:2   | Found a staircase to the Shoals.
 16251 | Lair:2   | Killed Gastronok
 17038 | Lair:3   | Noticed a death yak
 17054 | Lair:3   | Killed a death yak
 17054 | Lair:3   | Reached skill level 13 in Axes
 17954 | Lair:4   | Found a white marble altar of Elyvilon.
 18197 | Lair:4   | Reached XP level 12. HP: 97/97 MP: 20/20
 18381 | Lair:4   | Found a hole to the Spider Nest.
 18462 | Lair:4   | Noticed a four-headed hydra
 18476 | Lair:4   | Killed a four-headed hydra
 19304 | Lair:5   | Noticed a seven-headed hydra
 19613 | Lair:5   | Reached skill level 14 in Axes
 20569 | Lair:5   | Found a staircase to the Slime Pits.
 20638 | Lair:6   | Entered Level 6 of the Lair of Beasts
 22000 | Lair:6   | Reached XP level 13. HP: 96/105 MP: 21/21
 22495 | Lair:6   | Reached skill level 15 in Axes
 23502 | Orc:1    | Entered Level 1 of the Orcish Mines
 23881 | Orc:1    | Found Boygus's Weapon Boutique.
 23893 | Orc:1    | Bought a +1 broad axe of freezing for 156 gold pieces
 24092 | Orc:1    | Found Comoit's Food Emporium.
 24097 | Orc:1    | Found Ubiusipn's Weapon Emporium.
 24097 | Orc:1    | Noticed a stone giant
 24133 | Orc:1    | Killed a stone giant
 24507 | Orc:2    | Entered Level 2 of the Orcish Mines
 24507 | Orc:2    | Found a staircase to the Elven Halls.
 24539 | Orc:1    | Found Yzaposh's Gadget Shoppe.
 24539 | Orc:1    | Found Efaimipn's General Store.
 24750 | Orc:2    | Found a roughly hewn altar of Beogh.
 24829 | Orc:2    | Found a roughly hewn altar of Beogh.
 24880 | Orc:2    | Found a roughly hewn altar of Beogh.
 24924 | Orc:2    | Found Nyrij's Magic Scroll Emporium.
 24927 | Orc:2    | Found a roughly hewn altar of Beogh.
 25070 | Orc:2    | Found a roughly hewn altar of Beogh.
 25087 | Orc:2    | Found Onaiguoh's Food Shoppe.
 25126 | Orc:2    | Found a roughly hewn altar of Beogh.
 25184 | Orc:2    | Bought a scroll of identify for 32 gold pieces
 25189 | Orc:2    | Bought a scroll of fear for 56 gold pieces
 25189 | Orc:2    | Bought a scroll of teleportation for 48 gold pieces
 25189 | Orc:2    | Bought a scroll of teleportation for 48 gold pieces
 25189 | Orc:2    | Bought a scroll of teleportation for 48 gold pieces
 25189 | Orc:2    | Bought a scroll of blinking for 120 gold pieces
 25747 | Orc:2    | Paralysed by an orc sorcerer for 3 turns
 26006 | Orc:2    | Noticed an orc warlord
 26054 | Orc:2    | Killed an orc warlord
 26066 | Orc:2    | Found Viamnegu's Antique Armour Shoppe.
 26067 | Orc:2    | Found a roughly hewn altar of Beogh.
 26071 | Orc:2    | Found Ossatocu's Antique Weapon Emporium.
 26380 | Orc:2    | Found a roughly hewn altar of Beogh.
 26380 | Orc:2    | Found Zuityseqo's Food Emporium.
 26466 | Orc:2    | Found a roughly hewn altar of Beogh.
 27224 | Orc:2    | Bought a scroll of identify for 32 gold pieces
 27224 | Orc:2    | Bought a scroll of magic mapping for 56 gold pieces
 27224 | Orc:2    | Bought a scroll of identify for 32 gold pieces
 27224 | Orc:2    | Bought 3 scrolls of identify for 96 gold pieces
 27283 | D:12     | Noticed Azrael
 27421 | D:12     | Killed Azrael
 27421 | D:12     | Reached skill level 16 in Axes
 28131 | D:13     | Reached XP level 14. HP: 103/116 MP: 22/22
 28356 | D:13     | Reached skill level 10 in Armour
 28604 | D:13     | Found a gate to the Vaults.
 29884 | D:15     | Entered Level 15 of the Dungeon
 29894 | D:15     | Reached skill level 17 in Axes
 29976 | D:15     | Noticed Louise
 30017 | D:15     | Identified the +8 quarterstaff of Osyijoca {crush, *Contam
                  | +Inv +Fly Str+4}
 30143 | D:15     | Noticed Jorgrun
 30162 | D:15     | Killed Jorgrun
 31345 | D:15     | Reached XP level 15. HP: 83/124 MP: 23/23
 31427 | D:15     | Reached skill level 10 in Shields
 31655 | D:15     | Found a staircase to the Depths.
 31704 | D:15     | Noticed Agnes
 31717 | D:15     | Killed Agnes
 31845 | D:15     | Found Xolezoett's Distillery.
 32019 | D:15     | Killed Louise
 32294 | D:15     | Reached skill level 18 in Axes
 32602 | Spider:1 | Entered Level 1 of the Spider Nest
 32616 | Spider:1 | Noticed Donald
 32682 | Lair:4   | Killed Donald
 33408 | Lair:4   | Reached skill level 10 in Fighting
 35272 | Spider:1 | Identified Roxanne's Volume of Shape Shifting
 35272 | Spider:1 | Noticed Roxanne
 35309 | Spider:1 | Found a runed translucent door.
 35313 | Spider:1 | Noticed Inarius's ghost (adept GrFi)
 35384 | Spider:1 | Identified the +1 scale mail of Malem {rN+} (You found it
                  | on level 1 of the Spider Nest)
 36343 | Spider:2 | Reached XP level 16. HP: 118/135 MP: 25/25
 36782 | Spider:2 | Found a roughly hewn altar of Beogh.
 39054 | Shoals:1 | Entered Level 1 of the Shoals
 41181 | Shoals:2 | Reached skill level 19 in Axes
 42281 | Shoals:4 | Entered Level 4 of the Shoals
 42375 | Shoals:4 | Found a frozen archway.
 42400 | IceCv    | Entered an ice cave
 42830 | IceCv    | Reached XP level 17. HP: 82/144 MP: 26/26
 43097 | IceCv    | Identified a +2 pair of boots of running (You found it in
                  | an ice cave)
 43821 | Shoals:4 | Found a glowing golden altar of the Shining One.
 44881 | Shoals:4 | Found an ancient bone altar of Kikubaaqudgha.
 45541 | Shoals:4 | Got a barnacled rune of Zot
 46139 | Vaults:1 | Entered Level 1 of the Vaults
 46999 | Vaults:1 | Reached skill level 20 in Axes
 47557 | Vaults:1 | Identified the cursed +0 hunting sling of Dissolution
                  | {freeze, Dex+6}
 47625 | Vaults:1 | Identified the +8 flail of Extermination {antimagic, +Blink
                  | Str+4} (You found it on level 1 of the Vaults)
 47713 | Vaults:1 | Reached XP level 18. HP: 145/156 MP: 28/28
 48242 | Vaults:2 | Found Dolixoz's Gadget Shop.
 48444 | Vaults:2 | Found Qaac's Distillery.
 48448 | Vaults:2 | Bought a potion of heal wounds for 85 gold pieces
 49924 | Vaults:2 | Found a staircase to the Crypt.
 50765 | Vaults:2 | Reached skill level 21 in Axes
 51480 | Vaults:3 | Reached XP level 19. HP: 117/166 MP: 30/30
 51942 | Vaults:3 | Found a white marble altar of Elyvilon.
 52264 | Vaults:3 | Noticed Mennas
 52292 | Vaults:3 | HP: 7/167 [Mennas/+4 trishula of holy wrath (11)]
 52298 | Vaults:3 | Killed from afar by a wizard

Levels and vault maps discovered:
D:1:      giann_wishing_wells, layout_basic
D:2:      layout_loops_ring, first_ration, uniq_sigmund
D:3:      kb_forest_paths, layout_basic, kennysheep_vampire_church
D:4:      layout_gridville, kennysheep_okawaru_gauntlet
D:5:      layout_loops_corners, minitemple
D:6:      layout_loops_ring, yredelemnul_altar_generic,
          lemuel_temple_firewalk_b, serial_shops, nicolae_shop_stone
D:7:      layout_loops_ring, uniq_harold, uniq_joseph, uniq_menkaure
D:8:      layout_rooms, kennysheep_mini, uniq_pikel
D:9:      layout_basic, david_lair_shrubbed, grunt_livestock,
          nicolae_qazlal_general_emergency
D:10:     layout_basic, david_orc_5
D:11:     layout_gridville, uniq_fannar
D:12:     layout_basic, uniq_azrael
D:13:     layout_big_octagon, grunt_vaults_entry_tiered
D:14:     layout_irregular_city, roderic_roman_lattice
D:15:     grunt_enter_depths_snipers, layout_irregular_city, serial_shops, shop,
          minmay_alternating_orb, uniq_jorgrun, uniq_agnes, uniq_louise
Lair:1:   beast_lair_carwin_large_4, layout_gridlike, minivault_26,
          cheibrodos_lair_caveside_slide, serial_bayou_pond_a
Lair:2:   layout_gridlike, elwin_shoals_entry_rooms, uniq_gastronok
Lair:3:   layout_cave_pods, grunt_forest_large_clearing_hut, grunt_megastairs_5,
          serial_bayou_shore_b
Lair:4:   layout_layer_cave, nicolae_spider_entry_orb_guardian, basic_altar,
          minmay_lair_oklob_chamber, grunt_megastairs_3
Lair:5:   layout_loops_ring, dpeg_slime_entry_corner, st_stairs_3, minivault_19,
          grunt_megastairs_1
Lair:6:   minmay_lair_end_enchanted_forest, layout_cave_pods,
          lemuel_fruit_fields
Shoals:1: layout_shoals, nicolae_shoals_arrival_archipelago
Shoals:2: layout_shoals
Shoals:3: layout_shoals, ldierk_geyser
Shoals:4: shoals_end_grunt_ice, layout_shoals,
          portal_ice_cave_entry_frozen_things, hangedman_feature_mirror
Spider:1: layout_spider_delve, ebering_ghost_reflecting_pool, drop_trap,
          uniq_donald, uniq_roxanne
Spider:2: nicolae_spider_mines_2, nicolae_spider_cling_ruins
Spider:3: layout_chambers
Orc:1:    layout_caves, serial_shops, shop, shop, shop_fountains, shop, shop
Orc:2:    grunt_orc_community_town_hall, layout_caves,
          grunt_orc_community_big_house_1, grunt_orc_community_big_house_2,
          grunt_orc_community_house_1, grunt_orc_community_house_3,
          grunt_orc_community_house_1, grunt_orc_community_house_3,
          grunt_orc_community_house_2, grunt_orc_community_house_2,
          serial_shops, shop, nicolae_orc_lost_temple
Vaults:1: hangedman_vaults_corner, nicolae_vaults_stairing_the_circle,
          v_misc_27, nicolae_vaults_alarming, v_alt_pattern_6,
          vaults_room_hangedman_quadrants, nicolae_vaults_border_crossing,
          layout_vaults_omnigrid
Vaults:2: minmay_crypt_entry_simple_statues, v_rooms_3, ontoclasm_vaults_bender,
          nicolae_vaults_network_s, st_octagons_1, nicolae_vaults_gold_heap,
          hangedman_vaults_variations, nicolae_vaults_windows_and_doors_thing,
          nicolae_vaults_network_barrier, serial_ice_h,
          vaults_room_grunt_arrival_checkpoint, grunt_vaults_hallway_long,
          layout_vaults_omnibox, serial_shops, nicolae_shop_statue_plus, shop
Vaults:3: v_misc_2, v_misc_17, v_misc_16, ontoclasm_vaults_loading_screen,
          vaults_room_hallway, ontoclasm_vaults_spin,
          nicolae_vaults_specimen_jars, st_smaller_cells, vaults_dpeg_ring,
          layout_vaults_big_room, basic_altar, serial_hangedman_research,
          uniq_bai_suzhen, uniq_mennas
IceCv:    ice_cave_small_demon

Skill      XL: |  1  2  3  4  5  6  7  8  9 10 11 12 13 14 15 16 17 18 19 |
---------------+----------------------------------------------------------+-----
Axes           | 2 3 4 6 7 9 10 11 13 14 16 17 18 19 20 21 | 21.4
Shields        | 3 4 5 6 7 8 9 11 12 13 | 13.1
Fighting       | 3 4 5 6 7 8 9 10 11 12 13 14 | 14.1
Armour         | 3 4 5 6 7 8 9 10 11 12 13 | 13.6
Dodging        | 1 |  1.7
Evocations     | 1 2 3 5 6 8 9 |  9.6
Maces & Flails | |  0.7
Throwing       | |  0.6

Action                   |  1- 3 |  4- 6 |  7- 9 | 10-12 | 13-15 | 16-18 | 19-21 || total
-------------------------+-------+-------+-------+-------+-------+-------+-------++-------
Melee: War axe           |   117 |   197 |   411 |  1057 |   214 |       |       ||  1996
       Flail             |       |       |       |     7 |       |       |       ||     7
       Broad axe         |       |       |       |       |  1419 |  2083 |   129 ||  3631
       Demon whip        |       |       |       |       |       |       |    32 ||    32
Throw: Javelin           |       |       |       |    14 |       |       |       ||    14
Evoke: Wand              |       |       |    22 |    15 |    57 |    47 |     1 ||   142
       Phial of floods   |       |       |       |       |       |     1 |       ||     1
  Use: Potion            |       |     4 |     1 |    10 |     5 |    15 |     3 ||    38
       Scroll            |       |     6 |     4 |    15 |    15 |    11 |     1 ||    52
 Stab: Paralysed         |       |       |     6 |       |     3 |       |       ||     9
  Eat: Chunk             |     2 |     7 |    13 |    37 |    47 |    47 |     2 ||   155
       Ration            |       |       |     1 |     3 |       |     1 |       ||     5
Armor: Scale mail        |    49 |   134 |       |       |       |       |       ||   183
       Chain mail        |       |    10 |    18 |       |   538 |   701 |       ||  1267
       Plate armour      |       |       |   183 |   529 |   372 |   163 |    45 ||  1292
Dodge: Dodged            |    35 |    71 |    90 |   235 |   402 |   454 |    32 ||  1319
Block: Shield            |    73 |   117 |   192 |   628 |   681 |  1008 |    76 ||  2775
       Large shield      |       |       |       |       |   483 |   322 |       ||   805
       Reflection        |       |       |       |       |       |    79 |     9 ||    88

Table legend:
 A = Non-vault XP
 B = Vault XP
 C = Vault XP percentage of total XP
 D = Non-vault monster count
 E = Vault monster count
 F = Vault count percentage of total count
                 A         B        C        D         E       F
            +---------+---------+-------+---------+---------+-------
      Total |  297136 |  175354 |  37.1 |     923 |     444 |  32.5
            +---------+---------+-------+---------+---------+-------
        D:1 |      71 |       0 |   0.0 |      28 |       0 |   0.0
        D:2 |      58 |     231 |  79.9 |      20 |       1 |   4.8
        D:3 |      94 |     206 |  68.7 |      25 |      13 |  34.2
        D:4 |     307 |       0 |   0.0 |      10 |       0 |   0.0
        D:5 |     280 |       0 |   0.0 |      11 |       0 |   0.0
        D:6 |     858 |       0 |   0.0 |      15 |       0 |   0.0
        D:7 |    3287 |    1247 |  27.5 |      23 |       3 |  11.5
        D:8 |     833 |       0 |   0.0 |      19 |       0 |   0.0
        D:9 |    1624 |    1567 |  49.1 |      25 |       8 |  24.2
       D:10 |    1962 |     960 |  32.9 |      35 |      22 |  38.6
       D:11 |     870 |    1602 |  64.8 |      10 |       4 |  28.6
       D:12 |    3867 |    1784 |  31.6 |      16 |       4 |  20.0
       D:13 |    4699 |    8403 |  64.1 |      18 |      25 |  58.1
       D:14 |   12531 |       0 |   0.0 |      38 |       0 |   0.0
       D:15 |   21619 |   15634 |  42.0 |      46 |      21 |  31.3
     Lair:1 |    2345 |    1460 |  38.4 |       7 |      14 |  66.7
     Lair:2 |    2044 |    2826 |  58.0 |      12 |       3 |  20.0
     Lair:3 |    3076 |    1929 |  38.5 |      14 |       7 |  33.3
     Lair:4 |   26598 |    3203 |  10.7 |      82 |       4 |   4.7
     Lair:5 |    7053 |    1069 |  13.2 |      28 |       5 |  15.2
     Lair:6 |    6281 |    8749 |  58.2 |      26 |      46 |  63.9
   Shoals:1 |   17446 |       0 |   0.0 |      33 |       0 |   0.0
   Shoals:2 |   14590 |       0 |   0.0 |      27 |       0 |   0.0
   Shoals:3 |    7281 |       0 |   0.0 |      14 |       0 |   0.0
   Shoals:4 |   15886 |   31863 |  66.7 |      31 |      46 |  59.7
   Spider:1 |    7201 |       0 |   0.0 |      17 |       0 |   0.0
   Spider:2 |   14333 |    1961 |  12.0 |      40 |       5 |  11.1
   Spider:3 |   23464 |       0 |   0.0 |      58 |       0 |   0.0
      Orc:1 |    2840 |       0 |   0.0 |       5 |       0 |   0.0
      Orc:2 |    1372 |    8517 |  86.1 |      21 |      78 |  78.8
   Vaults:1 |   26773 |   23323 |  46.6 |      57 |      38 |  40.0
   Vaults:2 |   40786 |   39615 |  49.3 |      71 |      51 |  41.8
   Vaults:3 |   24807 |   12914 |  34.2 |      41 |      14 |  25.5
      IceCv |       0 |    6291 | 100.0 |       0 |      32 | 100.0
            +---------+---------+-------+---------+---------+-------
